 Dungeon Crawl Stone Soup version 0.31.0-11-ge490571c62 (webtiles) character file.

Game seed: 6989100530574867098

34 qw the Shooter (level 3, -1/18 HPs)
             Began as a Spriggan Hunter on Feb 4, 2024.
             Slain by Robin
             ... wielding a +0 vampiric dagger
              (3 damage)
             ... on level 2 of the Dungeon.
             The game lasted 00:00:03 (1148 turns).

qw the Shooter (Spriggan Hunter)                    Turns: 1148, Time: 00:00:04

Health: -1/18      AC:  2    Str:  7    XL:     3   Next: 14%
Magic:  4/4        EV: 19    Int: 10    God:
Gold:   45         SH:  0    Dex: 20    Spells: 2/2 levels left

rFire   . . .        a - +0 shortbow
rCold   . . .        (shield currently unavailable)
rNeg    . . .        c - +0 robe
rPois   .            (helmet restricted)
rElec   .            (no cloak)
rCorr   .            (gloves unavailable)
SInv    +            (boots unavailable)
Will    .....        (no amulet)
Stlth   ++           (no ring)
HPRegen 0.23/turn    (no ring)
MPRegen 0.09/turn

%: no passive effects
@: very quick
A: very small, no large weapons, unfitting armour, see invisible, speed 3
a: no special abilities


You were on level 2 of the Dungeon.
You visited 1 branch of the dungeon, and saw 2 of its levels.

You collected 45 gold pieces.


Innate Abilities, Weirdness & Mutations

You are very small and have problems with some larger weapons.
You are too small for most types of armour.
You have supernaturally acute eyesight. (SInv)
You cover ground extremely quickly. (Speed+++)


   Skills:
 - Level 1.5 Fighting
 + Level 4.5 Ranged Weapons
 - Level 4.0 Dodging
 - Level 1.5 Stealth


You had 2 spell levels left.
You didn't know any spells.
Your spell library was empty.

Inventory:

Hand Weapons
 a - a +0 shortbow (weapon)
Armour
 c - a +0 robe (worn)
Jewellery
 b - a +5 ring of evasion
Scrolls
 d - 3 scrolls of identify
Potions
 i - a potion of brilliance {unknown}

Dungeon Overview and Level Annotations

Branches:
Dungeon (2/15)

Altars:

Annotations:
D:2 Robin


Message History

You hear a shout!
A goblin comes into view. It is wielding a +0 dagger.
The goblin unwields a +0 dagger of speed.
The goblin wields a +0 sling.
The goblin shoots a sling bullet.
The sling bullet misses you. Robin throws the goblin at you!
You shoot an arrow.
The arrow hits Robin but does no damage.
Robin is heavily wounded.
Robin completely misses you. The goblin hits you with a +0 dagger.
The goblin shoots a sling bullet.
The sling bullet hits you.
You shoot an arrow. The arrow hits Robin!
Robin is almost dead.
The goblin misses you.
Robin roars a battlecry!
The goblin goes into a battle-frenzy!
The goblin shoots a sling bullet.
The sling bullet misses you.
You hear a shout!
You shoot an arrow. The arrow hits Robin.
Robin is almost dead.
The goblin misses you.
You shoot an arrow.
The arrow hits Robin but does no damage.
Robin is almost dead.
Robin completely misses you. The goblin hits you with a +0 dagger.
You shoot an arrow. The arrow closely misses Robin.
The arrow closely misses the goblin.
A goblin comes into view. It is wielding a +0 club. x2
The goblin completely misses you. Robin closely misses you.
The goblin hits you with a +0 dagger. The goblin closely misses you.
Robin hits you with a +0 vampiric dagger.
Robin draws strength from your wounds! The goblin closely misses you.
You shoot an arrow.
The arrow hits Robin but does no damage.
Robin is almost dead.
The goblin no longer looks unusually strong.
The goblin closely misses you. The goblin barely misses you.
A goblin comes into view. It is wielding a +0 dagger.
Robin hits you with a +0 vampiric dagger.
You die...
Robin calls out, "Let's celebrate!
Time for a feast!"

.... ..... ...... .... #
# #..##.
#....#.#.#.##..##.
#g.#...#.#.##..##.
#..##..........##.
#.g####........#.....##.
....ggggg...............
###@g......#.##.....
+.'........#.##.#.#.
###..............>#.
###........#'##.###.
+.............#.# #.
#########.....### #.
#...).# ## #.....# #.
...#### ###.


You could see Robin and 7 goblins.

Vanquished Creatures
  2 endoplasms (D:1)
  2 giant cockroaches (D:1)
  5 goblins
  5 hobgoblins
  2 jackals (D:1)
  2 kobolds
  2 quokkas (D:1)
  6 ball pythons
  A frilled lizard (D:1)
  2 rats (D:1)
29 creatures vanquished.

Notes
Turn   | Place    | Note
-------+----------+-------------------------------------------
     0 | D:1      | qw the Spriggan Hunter began the quest for the Orb.
     0 | D:1      | Reached XP level 1. HP: 10/10 MP: 2/2
     0 | D:1      | 0 ||| qw: Version: 0.3-a-160-g6735b56
     0 | D:1      | 0 ||| qw: Game counter: 5450
     0 | D:1      | 0 ||| qw: Melee chars always use a shield: true
     0 | D:1      | 0 ||| qw: God list: Okawaru
     0 | D:1      | 0 ||| qw: Allow faded altars: false
     0 | D:1      | 0 ||| qw: Do Orc after clearing Dungeon:15 true
     0 | D:1      | 0 ||| qw: Do second Lair branch before Depths: true
     0 | D:1      | 0 ||| qw: Lair rune preference: random
     0 | D:1      | 0 ||| qw: Goals: Normal
     0 | D:1      | 0 ||| PLANNING D:1-11
    18 | D:1      | Reached skill level 3 in Dodging
   145 | D:1      | Reached XP level 2. HP: 14/14 MP: 3/3
   889 | D:1      | 889 ||| READING 2 scrolls labelled OBASIURIWI.
   890 | D:1      | 890 ||| READING scroll labelled HEICHU QOCYAFO.
   891 | D:1      | 891 ||| READING scroll labelled POSTRI ISENA.
   992 | D:1      | 992 ||| READING scroll labelled KENGAO EZXE.
   992 | D:1      | 992 ||| IDENTIFYING bubbling blue potion
   993 | D:1      | 993 ||| DROPPING scroll of butterflies.
   994 | D:1      | 994 ||| DROPPING potion of attraction.
   995 | D:1      | 995 ||| DROPPING scroll of noise.
  1056 | D:2      | Reached XP level 3. HP: 11/18 MP: 4/4
  1136 | D:2      | Noticed Robin
  1147 | D:2      | HP: 4/18 [goblin/+0 dagger[Robin] (4)]
  1148 | D:2      | Slain by Robin

Levels and vault maps discovered:
D:1:      dpeg_arrival_pits, layout_loops_corners,
          nicolae_concentric_dashed_squares_wild, nicolae_eternal_life,
          serial_park_tiny_pond, hex_large, minivault_11, st_stairs_6
D:2:      layout_basic, uniq_robin

Skill      XL: |  1  2 |
---------------+-------+-----
Dodging        | 3 4 |  4.0
Fighting       | |  1.5
Ranged Weapons | |  4.5
Stealth        | |  1.5

Action                     || total
---------------------------++-------
   Fire: Shortbow          ||    91
    Use: Scroll            ||     4
 Armour: Robe              ||    13
  Dodge: Dodged            ||    43

Table legend:
 A = Non-vault XP
 B = Vault XP
 C = Vault XP percentage of total XP
 D = Non-vault monster count
 E = Vault monster count
 F = Vault count percentage of total count
                 A         B        C        D         E       F
            +---------+---------+-------+---------+---------+-------
      Total |      43 |       6 |  12.2 |      26 |       3 |  10.3
            +---------+---------+-------+---------+---------+-------
        D:1 |      38 |       2 |   5.0 |      23 |       1 |   4.2
        D:2 |       5 |       4 |  44.4 |       3 |       2 |  40.0
            +---------+---------+-------+---------+---------+-------
